 Dungeon Crawl Stone Soup version 0.21-a0-538-gd16b88a (webtiles) character file.

95981 rjrrt the Severer (level 15, 0/216 HPs)
             Began as a Minotaur Berserker on Dec 17, 2017.
             Was a High Priest of Trog.
             Succumbed to Agnes's poison
             ... on level 15 of the Dungeon.
             The game lasted 00:49:53 (23138 turns).

rjrrt the Severer (Minotaur Berserker)             Turns: 23138, Time: 00:49:54

Health: 0/216      AC: 30    Str: 35    XL:     15   Next: 67%
Magic:  14/14      EV: 14    Int:  4    God:    Trog [*****.]
Gold:   75         SH:  0    Dex: 14    Spells: 14/14 levels left

rFire    + . .     SeeInvis .   a - +2 battleaxe (flame)
rCold    + . .     Gourm    .   (shield currently unavailable)
rNeg     . . .     Faith    .   j - +2 plate armour {rC+}
rPois    +         Spirit   .   w - +2 hat
rElec    +         Reflect  .   i - +2 cloak
rCorr    .         Harm     .   K - +2 pair of gloves {Dex+3}
MR       ++++.                  R - +1 pair of boots {Stlth+}
Stlth    ..........             (no amulet)
HPRegen  1.46/turn              N - ring "Padadu" {rPois MR+}
MPRegen  0.14/turn              G - ring of Light {Wiz rElec rF+ Str+3 Stlth+}

@: berserking, lethally poisoned (0 -> -18), regenerating, drained, very quick
A: retaliatory headbutt, horns 2, subdued magic 1
a: Berserk, Trog's Hand, Brothers in Arms, Burn Spellbooks, Renounce Religion


You were on level 15 of the Dungeon.
You worshipped Trog.
Trog was extremely pleased with you.
You were very hungry.

You visited 4 branches of the dungeon, and saw 24 of its levels.
You also visited: Volcano.

You collected 1909 gold pieces.
You spent 1834 gold pieces at shops.

Inventory:

Hand Weapons
 a - a +2 battleaxe of flaming (weapon)
 m - a +3 antimagic executioner's axe
Missiles
 g - 8 steel tomahawks (quivered)
 F - 4 silver javelins
Armour
 i - a +2 cloak (worn)
 j - a +2 plate armour of cold resistance (worn)
 w - a +2 hat (worn)
 E - +0 storm dragon scales
 K - a +2 pair of gloves of dexterity (worn)
 R - a +1 pair of boots of stealth (worn)
Jewellery
 f - an uncursed ring of see invisible
 o - an uncursed ring of teleportation
 y - an uncursed ring of flight
 G - the ring of Light (right hand) {Wiz rElec rF+ Str+3 Stlth+}
   (You found it on level 13 of the Dungeon)

   [ring of wizardry]

   It improves your spell success rate.
   It affects your strength (+3).
   It protects you from fire.
   It insulates you from electricity.
   It makes you more stealthy.
 N - the ring "Padadu" (left hand) {rPois MR+}
   (You found it on level 8 of the Dungeon)

   [ring of poison resistance]

   It protects you from poison.
   It affects your resistance to hostile enchantments.
Wands
 x - a wand of flame (39)
 C - a wand of polymorph (11)
 I - a wand of iceblast (30)
Scrolls
 e - 8 scrolls of teleportation
 r - 11 scrolls of remove curse
 s - 6 scrolls of magic mapping
 A - 3 scrolls of fog
 D - 5 scrolls of enchant weapon
 L - 2 scrolls of summoning
 M - 2 scrolls of blinking
 Q - a scroll of enchant armour
Potions
 b - 3 potions of lignification
 h - 5 potions of curing
 k - 7 potions of might
 l - 6 potions of flight
 p - 6 potions of heal wounds
 t - 3 potions of cancellation
 u - 3 potions of mutation
 v - 2 potions of haste
 z - 2 potions of invisibility
 H - 6 potions of agility
 J - 3 potions of resistance
Comestibles
 c - 14 bread rations
 d - 11 meat rations
 n - 6 royal jellies
 q - 5 chunks of flesh


   Skills:
 + Level 16.0(14.8) Fighting
 + Level 20.5(19.2) Axes
 + Level 15.8(14.6) Armour
 + Level 10.7(9.6) Dodging


You had 14 spell levels left.
You didn't know any spells.

Dungeon Overview and Level Annotations

Branches:
Dungeon (15/15)            Temple (1/1) D:6            Lair (6/6) D:9
  Swamp (0/4) Lair:3        Snake (0/4) Lair:3        Slime (0/5) Lair:6
    Orc (2/2) D:9             Elf (0/3) Orc:2        Vaults (0/5) D:14
 Depths: D:15

Altars:
Ashenzari
Dithmenos
Elyvilon
Gozag
Hepliaklqana
Kikubaaqudgha
Makhleb
Sif Muna
Trog
Uskayaw
Zin
Beogh
Lugonu

Shops:
D:4 [   D:13 (*?:   D:14 !!==%   Orc:2 ?[[=

Portals:
Trove: D:10 (give +2 storm dragon scales)

Annotations:
D:15 Agnes
Lair:6 exclusion: 4 oklob plants


Innate Abilities, Weirdness & Mutations

You reflexively headbutt those who attack you in melee.
You have a pair of horns on your head.
Your spells are a little easier to cast, but a little less powerful.


Message History

* * * LOW HITPOINT WARNING * * *
You feel very sick. Agnes misses you.
You miss Agnes.
Agnes is heavily wounded.
You hit the deep elf mage. You burn the deep elf mage.
* * * LOW HITPOINT WARNING * * *
You feel sick.
The deep elf mage casts a spell.
The deep elf mage blinks!
You miss Agnes. Your headbutt misses Agnes.
Agnes is heavily wounded.
* * * LOW HITPOINT WARNING * * *
You feel very sick.
Agnes hits you with a lajatang of venom!
* * * LOW HITPOINT WARNING * * *
Unknown command.
You barely miss Agnes.
Agnes is heavily wounded.
You die...

#..........
#..........
##........##
#..........# #.
#........... #..
#...........
#.##..(ยงยง......
#..#...@i......
##...........$.
#...e..........
#..............
..#............
##..##...........
##..#
#...........
#...#
#...........
##..##
#...........


You could see Agnes and a deep elf mage.

Vanquished Creatures
  The ghost of miscthings the Thaumaturge, an adept GnWr of Uskayaw (Lair:6)
  Azrael (D:12)
  Josephine (Lair:5)
  A rakshasa (D:15)
  7 hydras
  A catoblepas (Lair:6)
  A two-headed ogre (shapeshifter) (D:15)
  2 dancing weapons (D:14)
  25 two-headed ogres
  A tengu warrior (D:10)
  5 ogre magi
  6 death yaks (Lair:6)
  An orc high priest (Orc:1)
  A hell knight (Volcano)
  5 unseen horrors
  2 lindwurms (Lair:6)
  An orc knight (Orc:1)
  2 manticores (Lair:6)
  The ghost of blurbie the Basher, a novice DsCK of Xom (D:6)
  9 ugly things
  3 cyclopes
  6 elephants (Lair:6)
  6 black mambas
  7 spiny frogs
  A torpor snail (Lair:6)
  3 rime drakes
  2 freezing wraiths
  A kobold demonologist (D:12)
  3 komodo dragons
  2 hornets
  A queen bee (Lair:2)
  5 trolls
  A polar bear (Lair:6)
  3 slime creatures (D:12)
  8 dream sheep
  17 blink frogs
  13 hippogriffs
  A shadow (D:12)
  Sigmund (D:3)
  65 yaks
  5 wraiths (Lair:5)
  2 wyverns
  A human (D:12)
  2 hungry ghosts
  2 fire elementals (D:12)
  3 basilisks (Lair:4)
  2 steam dragons
  A warg (Orc:1)
  19 water moccasins
  6 porcupines
  2 ice beasts
  6 hell hounds
  23 orc warriors
  5 sky beasts
  A black bear (D:7)
  An eye of draining (D:10)
  2 necrophages
  3 phantoms
  31 ogres
  19 centaurs
  18 wolves
  16 crocodiles
  3 big kobolds
  Blork the orc (D:6)
  13 bullfrogs
  4 scorpions
  7 small abominations (D:8)
  45 killer bees
  4 wights (D:14)
  3 quasits
  4 centaur zombies
  8 crimson imps
  7 jellies
  4 centaur skeletons
  5 hounds
  13 orc priests
  Crazy Yiuf (D:6)
  A bullfrog skeleton (D:13)
  12 orc wizards
  Natasha (thrice) (D:2)
  2 iguanas
  8 worker ants
  A hound zombie (D:11)
  A hound skeleton (D:6)
  2 worker ant zombies
  A howler monkey skeleton (D:8)
  12 adders
  6 gnolls (D:5)
  A river rat (Lair:2)
  4 shadow imps
  An adder zombie (D:5)
  An adder skeleton (D:9)
  6 worms
  2 dart slugs
  8 leopard geckos
  63 orcs
  5 giant cockroaches
  4 goblins
  12 hobgoblins
  9 jackals
  2 quokkas
  2 ball pythons (Lair:3)
  9 bats
  6 frilled lizards
  A jackal zombie (D:6)
  19 kobolds
  A leopard gecko skeleton (D:5)
  A quokka skeleton (D:5)
  11 rats
  4 fungi
  8 plants
744 creatures vanquished.

Vanquished Creatures (collateral kills)
  A death yak (Lair:6)
  A manticore (Lair:2)
  2 elephants (Lair:6)
  A wyvern (Lair:2)
  3 yaks (Lair:6)
  2 water moccasins
  A plant (Lair:4)
11 creatures vanquished.

Vanquished Creatures (others)
  An orc wizard (D:4)
  15 fungi
  15 plants
31 creatures vanquished.

Grand Total: 786 creatures vanquished

Notes
Turn   | Place    | Note
-------+----------+-------------------------------------------
     0 | D:1      | rjrrt the Minotaur Berserker began the quest for the Orb.
     0 | D:1      | Reached XP level 1. HP: 19/19 MP: 0/0
   165 | D:1      | Reached skill level 4 in Axes
   280 | D:1      | Reached XP level 2. HP: 25/26 MP: 1/1
   606 | D:1      | Reached skill level 5 in Axes
   687 | D:1      | You fall through a shaft!
   716 | D:2      | Reached XP level 3. HP: 31/31 MP: 2/2
   821 | D:2      | Noticed Natasha
   832 | D:2      | Killed Natasha
   832 | D:2      | Reached ** piety under Trog
  1005 | D:2      | Noticed Natasha
  1023 | D:2      | Killed Natasha
  1023 | D:2      | Reached skill level 6 in Axes
  1023 | D:2      | Reached XP level 4. HP: 35/39 MP: 3/3
  1474 | D:2      | Noticed Natasha
  1477 | D:2      | Killed Natasha
  1618 | D:3      | Reached XP level 5. HP: 45/45 MP: 4/4
  1647 | D:3      | Noticed Sigmund
  1659 | D:3      | Killed Sigmund
  1659 | D:3      | Reached skill level 8 in Axes
  1659 | D:3      | Reached XP level 6. HP: 51/51 MP: 5/5
  2314 | D:4      | Noticed an orc warrior
  2332 | D:4      | Killed an orc warrior
  2332 | D:4      | Reached skill level 9 in Axes
  2343 | D:4      | Reached *** piety under Trog
  2343 | D:4      | Reached XP level 7. HP: 33/57 MP: 6/6
  2527 | D:4      | Found Uhymuss's Armour Emporium.
  2541 | D:4      | Reached skill level 10 in Axes
  2561 | D:4      | Bought a +0 pair of boots for 54 gold pieces
  2805 | D:5      | Entered Level 5 of the Dungeon
  3045 | D:5      | Reached skill level 11 in Axes
  3087 | D:5      | Found a bloodstained altar of Trog.
  3109 | D:5      | Received a gift from Trog
  3109 | D:5      | Reached XP level 8. HP: 57/64 MP: 7/7
  3128 | D:5      | Noticed a two-headed ogre
  3136 | D:5      | Killed a two-headed ogre
  3136 | D:5      | Reached skill level 13 in Axes
  3615 | D:5      | Found a shattered altar of Ashenzari.
  3621 | D:5      | Found a white marble altar of Elyvilon.
  3628 | D:5      | Found a burning altar of Makhleb.
  3667 | D:6      | Found an opulent altar of Gozag.
  3667 | D:6      | Found an ancient bone altar of Kikubaaqudgha.
  3667 | D:6      | Found a glowing silver altar of Zin.
  3667 | D:6      | Found a burning altar of Makhleb.
  3667 | D:6      | Found a shadowy altar of Dithmenos.
  3667 | D:6      | Found a hazy altar of Hepliaklqana.
  3667 | D:6      | Noticed Blork the orc
  3675 | D:6      | Killed Blork the orc
  3680 | D:6      | Reached **** piety under Trog
  3752 | D:6      | Reached XP level 9. HP: 69/70 MP: 8/8
  3758 | D:6      | Noticed blurbie's ghost (novice DsCK)
  3770 | D:6      | Killed blurbie's ghost
  3770 | D:6      | Reached skill level 14 in Axes
  3988 | D:6      | Found an opulent altar of Gozag.
  3988 | D:6      | Found a deep blue altar of Sif Muna.
  4068 | D:6      | Found a hide-covered altar of Uskayaw.
  4068 | D:6      | Found a glowing silver altar of Zin.
  4069 | D:6      | Found a burning altar of Makhleb.
  4069 | D:6      | Found a bloodstained altar of Trog.
  4071 | D:6      | Found a deep blue altar of Sif Muna.
  4074 | D:6      | Found a glowing silver altar of Zin.
  4114 | D:6      | Found a staircase to the Ecumenical Temple.
  4203 | D:6      | Found a burning altar of Makhleb.
  4237 | D:6      | Found a runed door.
  4241 | D:6      | Noticed Crazy Yiuf
  4245 | D:6      | Killed Crazy Yiuf
  4472 | D:7      | Reached skill level 15 in Axes
  5322 | D:8      | Reached skill level 5 in Fighting
  5383 | D:8      | Received a gift from Trog
  5393 | D:8      | Reached skill level 5 in Armour
  5393 | D:8      | Reached XP level 10. HP: 82/82 MP: 9/9
  5492 | D:8      | Noticed a two-headed ogre
  5508 | D:8      | Killed a two-headed ogre
  5632 | D:8      | Found a transporter.
  5686 | D:8      | Found a corrupted altar of Lugonu.
  6669 | D:9      | Found a staircase to the Orcish Mines.
  6672 | D:9      | Found a roughly hewn altar of Beogh.
  6680 | D:9      | Reached ***** piety under Trog
  6819 | D:9      | Found a staircase to the Lair.
  7017 | Lair:1   | Entered Level 1 of the Lair of Beasts
  7198 | Lair:1   | Noticed a four-headed hydra
  7215 | Lair:1   | Killed a four-headed hydra
  7215 | Lair:1   | Reached skill level 16 in Axes
  7277 | Lair:1   | Noticed a spiny frog
  7281 | Lair:1   | Killed a spiny frog
  7554 | Lair:1   | Noticed a spiny frog
  7557 | Lair:1   | Killed a spiny frog
  7557 | Lair:1   | Reached XP level 11. HP: 94/94 MP: 10/10
  8419 | Lair:2   | Found a dark tunnel.
  8538 | Volcano  | Entered a volcano
  8596 | Volcano  | Noticed a two-headed ogre
  8596 | Volcano  | Noticed a hell knight
  8604 | Volcano  | Killed a two-headed ogre
  8604 | Volcano  | Received a gift from Trog
  8604 | Volcano  | Reached skill level 10 in Fighting
  8609 | Volcano  | Killed a hell knight
  8609 | Volcano  | Reached skill level 17 in Axes
  8708 | Volcano  | Noticed a two-headed ogre
  8715 | Volcano  | Killed a two-headed ogre
  8715 | Volcano  | Reached skill level 10 in Armour
  8771 | Volcano  | Noticed a two-headed ogre
  8771 | Volcano  | Noticed a two-headed ogre
  8771 | Volcano  | Noticed an ogre mage
  8777 | Volcano  | Killed a two-headed ogre
  8781 | Volcano  | Killed a two-headed ogre
  8783 | Volcano  | Killed an ogre mage
  8835 | Volcano  | Noticed a two-headed ogre
  8841 | Volcano  | Killed a two-headed ogre
  8841 | Volcano  | Reached XP level 12. HP: 108/108 MP: 11/11
 10377 | Lair:3   | Reached skill level 18 in Axes
 10378 | Lair:3   | Received a gift from Trog
 10512 | Lair:3   | Found a staircase to the Snake Pit.
 10778 | Lair:3   | Found a staircase to the Swamp.
 11514 | Lair:4   | Noticed an eight-headed hydra
 11520 | Lair:4   | Killed a six-headed hydra
 11520 | Lair:4   | Reached XP level 13. HP: 83/119 MP: 12/12
 12676 | Lair:5   | Noticed Josephine
 12683 | Lair:5   | Killed Josephine
 12921 | Lair:5   | Reached skill level 5 in Dodging
 13411 | Lair:6   | Entered Level 6 of the Lair of Beasts
 13451 | Lair:6   | Found a staircase to the Slime Pits.
 13512 | Lair:6   | Noticed miscthings's ghost (adept GnWr)
 14181 | Lair:6   | Killed miscthings's ghost
 14203 | Lair:6   | Received a gift from Trog
 14206 | Lair:6   | Reached skill level 19 in Axes
 14958 | Lair:6   | Reached XP level 14. HP: 115/132 MP: 13/13
 16488 | D:8      | Got a brightly glowing lapis lazuli ring
 16621 | D:8      | Found a transporter.
 16716 | Orc:1    | Entered Level 1 of the Orcish Mines
 17158 | Orc:2    | Entered Level 2 of the Orcish Mines
 17193 | Orc:2    | Received a gift from Trog
 17414 | Orc:2    | Found a staircase to the Elven Halls.
 17681 | Orc:2    | Reached skill level 15 in Fighting
 17866 | Orc:2    | Reached skill level 15 in Armour
 18231 | Orc:2    | Found Pulocso's Magic Scroll Shop.
 18231 | Orc:2    | Found Dirraef's Armour Shoppe.
 18232 | Orc:2    | Found Nedatael's Antique Armour Shoppe.
 18232 | Orc:2    | Found Feerah's Jewellery Boutique.
 18239 | Orc:2    | Bought a scroll of identify for 30 gold pieces
 18239 | Orc:2    | Identified the ring "Padadu" {rPois MR+} (You found it on level 8 of the Dungeon)
 18245 | Orc:2    | Bought an uncursed ring of see invisible for 180 gold pieces
 18250 | Orc:2    | Bought a shiny plate armour for 780 gold pieces
 18547 | D:10     | Entered Level 10 of the Dungeon
 18550 | D:10     | Found Beill's Weapon Shop.
 18598 | D:10     | Found a portal to a secret trove of treasure.
 18743 | Temple   | Entered the Ecumenical Temple
 18927 | D:10     | Received a gift from Trog
 18927 | D:10     | Reached XP level 15. HP: 141/141 MP: 14/14
 18965 | D:10     | Reached skill level 20 in Axes
 20915 | D:12     | Noticed Azrael
 20937 | D:12     | Killed Azrael
 20940 | D:12     | Reached ****** piety under Trog
 20944 | D:12     | Found the +0 Maxwell's etheric cage {RegenMP+ *Contam rElec MP+4}
 20944 | D:12     | Gained mutation: Your spells are a little easier to cast, but a little less powerful. [a neqoxec]
 20947 | D:12     | Received a gift from Trog
 20948 | D:12     | Reached skill level 10 in Dodging
 21185 | D:12     | Found a glowing silver altar of Zin.
 21248 | D:12     | Noticed Sonja
 21255 | D:12     | Noticed Sonja
 21255 | D:12     | Sonja changed into Sonja the human
 21261 | D:12     | Killed Sonja the human
 21699 | D:13     | Got a translucent iron ring
 21732 | D:13     | Found Gijudaff's Book Emporium.
 21926 | D:13     | Found Cerigudda's Magic Scroll Emporium.
 21932 | D:13     | Bought a scroll of blinking for 97 gold pieces
 21932 | D:13     | Bought a scroll of blinking for 97 gold pieces
 21932 | D:13     | Bought a scroll of identify for 26 gold pieces
 22006 | D:13     | Found Guati's Assorted Antiques.
 22009 | D:13     | Bought a scroll of enchant armour for 285 gold pieces
 22177 | D:13     | Found Gigecwy's Antique Weapon Emporium.
 22291 | D:13     | Bought a pair of embroidered boots for 285 gold pieces
 22303 | D:13     | Identified the ring of Light {Wiz rElec rF+ Str+3 Stlth+} (You found it on level 13 of the Dungeon)
 22354 | D:14     | Found Coyx's Distillery.
 22383 | D:14     | Found Foelir's Jewellery Emporium.
 22410 | D:14     | Found Odghou's Distillery.
 22449 | D:14     | Found Zoiwn's Food Boutique.
 22495 | D:14     | Found Usenuapp's Jewellery Shoppe.
 22650 | D:14     | Found a gate to the Vaults.
 22883 | D:15     | Entered Level 15 of the Dungeon
 23123 | D:15     | Noticed Agnes
 23137 | D:15     | HP: 2/216 [Agnes/lajatang of venom (13)]
 23138 | D:15     | Succumbed to Agnes's poison

Vault maps used:
D:1:      dpeg_arrival_leaves_temple_mockup
D:2:      uniq_natasha
D:3:      uniq_sigmund
D:4:      first_bread, serial_shops, shop, minmay_tree_intersection
D:5:      minitemple, lemuel_statue_altar
D:6:      gammafunk_temple_overflow_elements, temple_doors_ab,
          makhleb_blood_cavern_becter, uniq_blork_the_orc,
          uniq_crazy_yiuf_cottage
D:7:      grunt_ogre_cave
D:8:      gammafunk_corrupted_shrine
D:9:      lair_entry_dummy, minmay_orc_entry_temple_small, st_stairs_4
D:10:     serial_shops, shop, enter_trove_3
D:12:     basic_altar, uniq_azrael, uniq_sonja
D:13:     serial_shops, shop_scrolls, shop_fountains, kennysheep_little_box,
          kennysheep_mini, small_statue_intersection, st_stairs_7
D:14:     erik_vaults_1, serial_shops, shop, nicolae_shop_window_shopping, shop,
          shop, nicolae_shop_crystal, serial_park_avenue1
D:15:     grunt_enter_depths_magical_seal, nicolae_ru_the_path_less_chosen,
          uniq_agnes
Temple:   minmay_temple_bridge_d
Lair:1:   beast_lair_carwin_3
Lair:2:   regret_index_bee_streams, enter_volcano_3
Lair:3:   swamp_mist_pool, minmay_snake_entry_six_corridors
Lair:5:   infiniplex_staircase_pool_2, uniq_josephine
Lair:6:   hangedman_lair_in_review, dpeg_slime_entry_corner,
          minmay_lair_oklob_chamber, serial_bayou_shore_a
Orc:2:    st_orc_ogre_mass
Volcano:  volcano_pools

Skill      XL: |  1  2  3  4  5  6  7  8  9 10 11 12 13 14 15 |
---------------+----------------------------------------------+-----
Axes           | 4 5 6 8 9 11 13 15 16 17 18 19 20 | 20.5
Fighting       | 5 8 10 12 14 15 16 | 16.0
Armour         | 5 8 10 12 13 15 | 15.8
Dodging        | 3 6 9 10 | 10.7

Action                   |  1- 3 |  4- 6 |  7- 9 | 10-12 | 13-15 || total
-------------------------+-------+-------+-------+-------+-------++-------
Melee: Hand axe          |    81 |   134 |   143 |       |       ||   358
       Headbutt          |     5 |    30 |    46 |   116 |   225 ||   422
       War axe           |       |       |   124 |   258 |       ||   382
       Flail             |       |       |       |     5 |       ||     5
       Battleaxe         |       |       |       |   273 |   899 ||  1172
Throw: Javelin           |       |       |       |     2 |       ||     2
       Tomahawk          |       |       |       |     3 |       ||     3
Invok: Berserk           |     1 |     1 |     6 |     6 |     6 ||    20
       Burn Spellbooks   |       |       |     3 |       |     3 ||     6
       Trog's Hand       |       |       |       |     1 |     5 ||     6
       Brothers in Arms  |       |       |       |     1 |     2 ||     3
Evoke: Wand              |       |       |       |       |     3 ||     3
  Use: Scroll            |       |     9 |    11 |     7 |    12 ||    39
       Potion            |       |       |       |     1 |     1 ||     2
 Stab: Distracted        |       |       |       |       |     2 ||     2
  Eat: Chunk             |       |     6 |     9 |    16 |    29 ||    60
       Meat ration       |       |       |     2 |     1 |       ||     3
       Royal jelly       |       |       |       |     2 |     5 ||     7
       Fruit             |       |       |       |       |     9 ||     9
Armor: Plate armour      |    64 |    54 |   137 |   114 |   274 ||   643
       Chain mail        |       |       |       |   189 |   252 ||   441
Dodge: Dodged            |    30 |    42 |    70 |   212 |   507 ||   861

Table legend:
 A = Spawn XP
 B = Non-spawn XP
 C = Spawn XP percentage of total XP
 D = Spawn monster count
 E = Non-spawn monster count
 F = Spawn count percentage of total count
 G = Total turns spent on level
                    A         B        C        D         E        F      G
               +---------+---------+-------+---------+---------+-------+---------
         Total |       0 |  137116 |   0.0 |       0 |     743 |   0.0 | 23138
               +---------+---------+-------+---------+---------+-------+---------
           D:1 |       0 |      35 |   0.0 |       0 |      23 |   0.0 |   689
           D:2 |       0 |     134 |   0.0 |       0 |      17 |   0.0 |   837
           D:3 |       0 |     380 |   0.0 |       0 |      35 |   0.0 |   755
           D:4 |       0 |     460 |   0.0 |       0 |      16 |   0.0 |   524
           D:5 |       0 |    1526 |   0.0 |       0 |      28 |   0.0 |   885
           D:6 |       0 |    1404 |   0.0 |       0 |      20 |   0.0 |   789
           D:7 |       0 |     657 |   0.0 |       0 |      11 |   0.0 |   769
           D:8 |       0 |    5490 |   0.0 |       0 |      43 |   0.0 |  1349
           D:9 |       0 |    1199 |   0.0 |       0 |      28 |   0.0 |   961
          D:10 |       0 |    4309 |   0.0 |       0 |      20 |   0.0 |   982
          D:11 |       0 |    5634 |   0.0 |       0 |      47 |   0.0 |  1107
          D:12 |       0 |    7673 |   0.0 |       0 |      41 |   0.0 |   869
          D:13 |       0 |    4379 |   0.0 |       0 |      21 |   0.0 |   656
          D:14 |       0 |    8993 |   0.0 |       0 |      23 |   0.0 |   558
          D:15 |       0 |    4313 |   0.0 |       0 |      14 |   0.0 |   255
        Lair:1 |       0 |    6587 |   0.0 |       0 |      29 |   0.0 |  1202
        Lair:2 |       0 |    7875 |   0.0 |       0 |      61 |   0.0 |  1772
        Lair:3 |       0 |    6515 |   0.0 |       0 |      38 |   0.0 |  1021
        Lair:4 |       0 |    4472 |   0.0 |       0 |      20 |   0.0 |  1039
        Lair:5 |       0 |    8452 |   0.0 |       0 |      29 |   0.0 |  1598
        Lair:6 |       0 |   25828 |   0.0 |       0 |      75 |   0.0 |  2393
         Orc:1 |       0 |    8362 |   0.0 |       0 |      39 |   0.0 |  1047
         Orc:2 |       0 |   16275 |   0.0 |       0 |      58 |   0.0 |   745
       Volcano |       0 |    6164 |   0.0 |       0 |       7 |   0.0 |   334
               +---------+---------+-------+---------+---------+-------+---------
